 Dungeon Crawl Stone Soup version 0.26.0-16-gc1dbca0489 (webtiles) character file.

Game seed: 3022631155462077117

916 feorh the Cudgeller (level 8, -7/66 HPs)
             Began as a Ghoul Fighter on Jan 20, 2021.
             Mangled by an ogre
             ... wielding a +0 giant club
              (21 damage)
             ... on level 6 of the Dungeon.
             The game lasted 00:12:00 (4495 turns).

feorh the Cudgeller (Ghoul Fighter)                 Turns: 4495, Time: 00:12:01

Health: -7/66      AC: 12    Str: 22    XL:     8   Next: 9%
Magic:  7/7        EV:  8    Int:  3    God:
Gold:   56         SH:  9    Dex:  8    Spells: 7/7 levels left

rFire    . . .     SeeInvis .   a - +0 flail
rCold    + . .     Faith    .   c - +0 kite shield
rNeg     + + +     Spirit   .   b - +0 scale mail
rPois    ∞         Reflect  .   (no helmet)
rElec    .         Harm     .   k - +0 cloak
rCorr    .         Rampage  .   p - +2 pair of gloves
Will     .....                  C - +0 pair of boots
Stlth    ..........             (no amulet)
HPRegen  0.00/turn              (no ring)
MPRegen  0.10/turn              (no ring)

@: no status effects
A: claws 1, cold resistance 1, negative energy resistance 3, inhibited
regeneration, torment resistance, unbreathing
a: no special abilities


You were on level 6 of the Dungeon.
You visited 1 branch of the dungeon, and saw 6 of its levels.

You collected 194 gold pieces.
You spent 138 gold pieces at shops.

Inventory:

Hand Weapons
 a - a +0 flail (weapon)
Missiles
 g - 73 stones
 s - 42 poisoned darts (quivered)
Armour
 b - a +0 scale mail (worn)
 c - a +0 kite shield (worn)
 i - a +0 pair of gloves
 k - a +0 cloak (worn)
 p - a +2 pair of gloves (worn)
 C - a +0 pair of boots (worn)
Jewellery
 w - a cursed ring of teleportation {unknown}
 z - an uncursed ring of stealth {unknown}
 A - a +6 ring of intelligence {unknown}
Wands
 u - a wand of iceblast (10)
 D - a wand of polymorph (4)
Scrolls
 f - 10 scrolls of identify {unknown}
 h - 3 scrolls of enchant weapon {unknown}
 j - 3 scrolls of blinking
 l - a scroll of noise {unknown}
 m - a scroll of fear {unknown}
 q - 2 scrolls of random uselessness
 v - a scroll of remove curse {unknown}
 x - 2 scrolls of teleportation {unknown}
 y - a scroll of enchant armour {unknown}
 B - 2 scrolls of amnesia {unknown}
Potions
 d - 2 potions of might
 e - 2 potions of mutation {unknown}
 n - a potion of experience {unknown}
 o - 2 potions of invisibility
 r - a potion of attraction {unknown}
 t - a potion of haste {unknown}
 E - a potion of flight


   Skills:
 + Level 4.1 Fighting
 * Level 6.1 Maces & Flails
 + Level 1.0 Throwing
 + Level 4.0 Armour
 + Level 2.3 Dodging
 + Level 4.1 Shields


You had 7 spell levels left.
You didn't know any spells.
Your spell library was empty.

Dungeon Overview and Level Annotations

Branches:
Dungeon (5/15)
 Temple: D:4-7

Altars:
Dithmenos
Xom

Shops:
D:6 *


Innate Abilities, Weirdness & Mutations

You thrive by killing the living.
You are immune to poison.
You have sharp fingernails.
Your flesh is cold resistant. (rC+)
You are immune to negative energy. (rN+++)
You do not regenerate when monsters are visible.
You are immune to unholy pain and torment.
You can survive without breathing.


Message History

The ogre is poisoned.
The ogre hits you with a +0 giant club!!
You barely miss the ogre.
The ogre is lightly wounded.
You block the bullfrog's attack. The ogre hits you with a +0 giant club!
You sock the ogre!
The ogre is moderately wounded.
The bullfrog hits you but does no damage.
The bullfrog closely misses you.
You hit the ogre.
The ogre is heavily wounded.
The ogre hits you with a +0 giant club!!
* * * LOW HITPOINT WARNING * * *
The bullfrog barely misses you.
Unknown command.
You hit the ogre.
The ogre is severely wounded.
The bullfrog barely misses you.
The ogre hits you with a +0 giant club!!
You die...

#...###......#### ##. ##.
#...............###
#...###
####............... #....
......#.....#....#######.
#######....##............
#..∩.# .........## #....#
.........# #....#
.........# #O@..#
.........# ..(.((F...#
.........# ##(.##..###
.........# (.. ##.#
########## .. #$# . ..#
..# #.#


You could see an ogre (poisoned) and a bullfrog.

Vanquished Creatures
  Maggie (D:6)
  2 ice beasts (D:6)
  A bullfrog (D:6)
  An orc wizard (D:6)
  A centaur skeleton (D:4)
  An iguana (D:4)
  Jessica (D:3)
  Ijyb (D:3)
  2 worker ants (D:4)
  9 adders
  A shadow imp (D:6)
  An adder skeleton (D:4)
  3 worms
  5 dart slugs
  2 leopard geckos
  6 orcs
  9 bats
  3 giant cockroaches
  9 goblins
  8 hobgoblins
  14 jackals
  2 quokkas
  A ball python (D:1)
  7 frilled lizards
  7 kobolds
  3 rats
101 creatures vanquished.

Vanquished Creatures (others)
  5 dream sheep (D:3)
5 creatures vanquished.

Grand Total: 106 creatures vanquished

Notes
Turn   | Place    | Note
-------+----------+-------------------------------------------
     0 | D:1      | feorh the Ghoul Fighter began the quest for the Orb.
     0 | D:1      | Reached XP level 1. HP: 19/19 MP: 0/0
   200 | D:2      | Reached XP level 2. HP: 25/26 MP: 1/1
   202 | D:2      | Reached skill level 2 in Maces & Flails
   489 | D:1      | Reached XP level 3. HP: 31/31 MP: 2/2
  1079 | D:1      | Reached XP level 4. HP: 38/38 MP: 3/3
  1376 | D:2      | Reached skill level 1 in Dodging
  1517 | D:2      | Reached skill level 3 in Maces & Flails
  1833 | D:2      | Reached XP level 5. HP: 37/45 MP: 4/4
  2138 | D:3      | Noticed Jessica
  2173 | D:3      | Killed Jessica
  2299 | D:3      | Noticed Ijyb
  2308 | D:3      | Killed Ijyb
  2699 | D:3      | Noticed a dream sheep
  2699 | D:3      | Noticed a dream sheep
  2699 | D:3      | Noticed a dream sheep
  2699 | D:3      | Noticed a dream sheep
  2699 | D:3      | Noticed a dream sheep
  2699 | D:3      | Found a shimmering altar of Xom.
  2703 | D:3      | Killed a dream sheep
  2704 | D:3      | Killed a dream sheep
  2704 | D:3      | Killed a dream sheep
  2705 | D:3      | Killed a dream sheep
  2705 | D:3      | Killed a dream sheep
  2937 | D:3      | Reached XP level 6. HP: 51/51 MP: 5/5
  3147 | D:5      | Entered Level 5 of the Dungeon
  3177 | D:4      | Reached skill level 4 in Maces & Flails
  3910 | D:4      | You fall into a shaft and drop 2 floors!
  3919 | D:6      | Noticed an ice beast
  3927 | D:6      | Killed an ice beast
  3928 | D:6      | Reached XP level 7. HP: 57/58 MP: 6/6
  3933 | D:6      | Found a shadowy altar of Dithmenos.
  4069 | D:6      | Reached skill level 5 in Maces & Flails
  4198 | D:6      | Noticed Maggie
  4225 | D:6      | Killed Maggie
  4226 | D:6      | Reached skill level 6 in Maces & Flails
  4226 | D:6      | Reached skill level 1 in Throwing
  4226 | D:6      | Reached XP level 8. HP: 17/66 MP: 7/7
  4466 | D:6      | Found Geot's General Store.
  4484 | D:6      | Bought a potion of flight for 36 gold pieces
  4484 | D:6      | Bought a scroll of random uselessness for 12 gold pieces
  4484 | D:6      | Bought a scroll of blinking for 90 gold pieces
  4495 | D:6      | Mangled by an ogre

Illustrated notes

Levels and vault maps discovered:
D:1:      scummos_arrival_forest, layout_loops_corners, roderic_serpentine_path
D:2:      layout_rooms, minmay_pentomino_t2
D:3:      layout_loops_corners, kb_xom_exploding_sheep, uniq_ijyb, uniq_jessica
D:4:      layout_basic
D:5:      black_bear_nest_2, layout_loops_ring, basic_altar
D:6:      layout_rooms, old_standard_altar, serial_shops, shop,
          palyth_stone_intersect, uniq_maggie

Skill      XL: |  1  2  3  4  5  6  7 |
---------------+----------------------+-----
Maces & Flails | 2 3 4 6 |  6.1
Shields        | 3 4 |  4.1
Armour         | 3 4 |  4.0
Dodging        | 1 2 |  2.3
Fighting       | 4 |  4.1
Throwing       | 1 |  1.0

Action                   |  1- 3 |  4- 6 |  7- 9 || total
-------------------------+-------+-------+-------++-------
Melee: Flail             |   129 |   308 |    55 ||   492
Throw: Dart              |       |    13 |    13 ||    26
  Use: Potion            |       |       |     2 ||     2
Armor: Scale mail        |    87 |   153 |    24 ||   264
Dodge: Dodged            |    51 |   115 |    14 ||   180
Block: Kite shield       |    89 |   166 |    20 ||   275
